 Dungeon Crawl Stone Soup version 0.30.1-9-gdf580d7c3d (webtiles) character file.

Game seed: 11271226235649711356

7063 danielguo94 the Basher (level 11, -1/68 HPs)
             Began as a Gargoyle Fighter on Oct 10, 2023.
             Was a Priest of the Shining One.
             Slain by a white ugly thing (11 damage)
             ... on level 10 of the Dungeon.
             The game lasted 00:14:47 (9558 turns).

danielguo94 the Basher (Gargoyle Fighter)           Turns: 9558, Time: 00:14:47

Health: -1/68      AC: 25    Str: 28    XL:     11   Next: 9%
Magic:  0/11       EV: 11    Int:  9    God:    the Shining One [***...]
Gold:   443        SH:  5    Dex: 11    Spells: 10/10 levels left

rFire   + . .        A - +3 mace (freeze)
rCold   . . .        c - +0 buckler
rNeg    + + .        b - +0 scale mail
rPois   ∞            a - +2 helmet of Compassion {rPois rF+ Will++ Stlth-}
rElec   +            (no cloak)
rCorr   .            (no gloves)
SInv    .            z - +0 pair of boots
Will    ++...        r - amulet of guardian spirit Stlth
                     C - +6 ring of strength
HPRegen 0.31/turn    s - +4 ring of protection
MPRegen 0.12/turn

%: guardian spirit
@: glowing
A: sickness immunity, AC +8, negative energy resistance 1, electricity
resistance, torment resistance 1, petrification resistance
a: Renounce Religion, Divine Shield, Cleansing Flame


You were on level 10 of the Dungeon.
You worshipped the Shining One.
The Shining One was most pleased with you.
You visited 1 branch of the dungeon, and saw 10 of its levels.
You also visited: Sewer.

You collected 731 gold pieces.
You spent 288 gold pieces at shops.

Inventory:

Hand Weapons
 A - a +3 mace of freezing (weapon)
Missiles
 d - 6 throwing nets
 u - an atropa-tipped dart (quivered)
 v - 15 poisoned darts
 D - a boomerang of dispersal
Armour
 a - the +2 helmet of Compassion (worn) {rPois rF+ Will++ Stlth-}
   (You found it on level 6 of the Dungeon)

   rF:        It protects you from fire.
   rPois:     It protects you from poison.
   Will:      It greatly increases your willpower.
   Stlth:     It makes you less stealthy.
 b - a +0 scale mail (worn)
 c - a +0 buckler (worn)
 z - a +0 pair of boots (worn)
Jewellery
 r - an amulet of guardian spirit (around neck)
 s - a +4 ring of protection (right hand)
 B - a ring of protection from cold
 C - a +6 ring of strength (left hand)
Wands
 w - a wand of iceblast (7)
Scrolls
 e - 4 scrolls of fog
 i - 4 scrolls of fear
 j - 3 scrolls of magic mapping
 l - 5 scrolls of blinking
 n - a scroll of noise {unknown}
 p - 3 scrolls of teleportation
 q - 2 scrolls of vulnerability
 x - 2 scrolls of poison
 y - a scroll of enchant armour {unknown}
 E - a scroll of acquirement {unknown}
 G - a scroll of silence {unknown}
Potions
 f - 2 potions of attraction
 g - 5 potions of curing
 h - 4 potions of ambrosia
 k - 2 potions of flight
 m - 2 potions of berserk rage
 o - a potion of mutation {unknown}
 t - a potion of invisibility {unknown}
 F - 2 potions of might


   Skills:
 + Level 8.2 Fighting
 + Level 11.5 Maces & Flails
 + Level 0.2 Throwing
 + Level 8.3 Armour
 + Level 3.7 Dodging
 + Level 7.1 Shields
 + Level 0.4 Evocations


You had 10 spell levels left.
You didn't know any spells.
Your spell library contained the following spells:

 Spells                   Type           Power      Damage    Failure   Level
 Apportation              Tloc           0%         N/A       67%         1
 Sting                    Tmut/Pois      0%         1d3       67%         1
 Blink                    Tloc           0%         N/A       80%         2
 Poisonous Vapours        Pois/Air       0%         N/A       80%         2
 Stone Arrow              Conj/Erth      0%         3d7       95%         3
 Leda's Liquefaction      Hex/Erth       0%         N/A       100%        4
 Manifold Assault         Tloc           0%         N/A       100%        4
 Olgreb's Toxic Radiance  Pois           0%         N/A       100%        4
 Petrify                  Tmut/Erth      0%         N/A       100%        4
 Summon Ice Beast         Ice/Summ       0%         N/A       100%        4
 Alistair's Intoxication  Tmut/Pois      0%         N/A       100%        5
 Irradiate                Conj/Tmut      0%         3d11      100%        5
 Lee's Rapid Deconstruct  Erth           0%         3d4*      100%        5
 Summon Mana Viper        Hex/Summ       0%         N/A       100%        5
 Monstrous Menagerie      Summ           0%         N/A       100%        7
 Storm Form               Tmut/Air       0%         N/A       100%        7
 Lehudib's Crystal Spear  Conj/Erth      0%         10d2      100%        8
 Sublimation of Blood     Necr           Unusable   N/A       N/A         2

Dungeon Overview and Level Annotations

Branches:
Dungeon (10/15)            Temple (0/1) D:5             Orc (0/2) D:10
  Sewer (visited)
   Lair: D:8-11

Altars:
Ashenzari
Dithmenos
Elyvilon
Fedhas
Kikubaaqudgha
Makhleb
Okawaru
Xom
Zin
The Shining One

Shops:
D:5 *

Annotations:
D:9 2 transporters, Nedac819's ghost, journeyman MeWn


Innate Abilities, Weirdness & Mutations

You are immune to sickness and miasma.
Your stone body is resilient. (AC +8)
You are immune to poison.
You resist negative energy. (rN+)
You are resistant to electric shocks. (rElec)
You are resistant to unholy torment.
You are immune to petrification.


Message History

You hit the white ugly thing but do no damage.
You hit the white ugly thing.
The white ugly thing is lightly wounded.
The white ugly thing barely misses you.
You hit the white ugly thing.
The white ugly thing is lightly wounded.
The white ugly thing pecks you but does no damage.
You hit the white ugly thing.
The white ugly thing is lightly wounded.
The white ugly thing closely misses you.
You sock the white ugly thing! You freeze the white ugly thing.
The white ugly thing is lightly wounded.
The white ugly thing barely misses you.
You hit the white ugly thing.
The white ugly thing is moderately wounded.
The white ugly thing pecks you but does no damage.
You sock the white ugly thing! You freeze the white ugly thing.
The white ugly thing is moderately wounded.
The white ugly thing pecks you but does no damage.
You sock the white ugly thing!
The white ugly thing is heavily wounded.
You hit the white ugly thing but do no damage.
The white ugly thing is heavily wounded.
The white ugly thing pecks you. The white ugly thing freezes you!!
You hit the white ugly thing.
The white ugly thing is heavily wounded.
The white ugly thing pecks you! The white ugly thing freezes you!
You are too injured to fight recklessly!
You are too injured to fight recklessly!
You are too injured to fight recklessly!
You are too injured to fight recklessly!
You sock the white ugly thing!
The white ugly thing is severely wounded.
The white ugly thing pecks you!
* * * LOW HITPOINT WARNING * * *
The white ugly thing freezes you!
* * * LOW HITPOINT WARNING * * *
Unknown command.
You feel better. The white ugly thing pecks you!
You die...

#....##...................#
#....#.###...<...............#
#.####.# #..................##
. #.# #..........##.....## #.#
#......############ #..
#......# .#.####.#### ####
...........##...#
##..###.##.@u9..# ..
#.#####...# #.# ....... #.#
....... #.# ..[.^.. #.#
....... .. ....... .......


You could see a white ugly thing and a gargoyle.

Vanquished Creatures
  A two-headed ogre (D:8)
  Pikel (D:4)
  An ugly thing (D:9)
  2 trolls (D:9)
  4 yaks (D:9)
  Eustachio (D:4)
  2 water moccasins
  A sky beast (D:7)
  4 orc warriors
  A black bear (D:4)
  3 ogres
  5 centaurs
  A phantom (D:6)
  3 lemures (D:4)
  4 bullfrogs
  A gnoll sergeant (D:9)
  Blork the orc (D:4)
  2 kobold brigands (D:7)
  A scorpion (D:5)
  9 wights
  16 killer bees
  3 howler monkeys
  An electric eel (D:6)
  2 hounds (D:6)
  A jelly (D:6)
  2 orc priests
  3 gnoll boudas
  A sleepcap (D:8)
  5 iguanas
  5 orc wizards
  15 adders
  22 gnolls
  A river rat (D:3)
  An ufetubus (D:5)
  A worm (D:3)
  5 dart slugs
  33 orcs
  7 endoplasms
  11 giant cockroaches
  8 goblins
  5 hobgoblins
  4 jackals (D:2)
  12 kobolds
  8 quokkas
  4 ball pythons
  A bat (D:1)
  10 frilled lizards
  12 rats
247 creatures vanquished.

Notes
Turn   | Place    | Note
-------+----------+-------------------------------------------
     0 | D:1      | danielguo94 the Gargoyle Fighter began the quest for the
                  | Orb.
     0 | D:1      | Reached XP level 1. HP: 14/14 MP: 1/1
    76 | D:1      | Reached XP level 2. HP: 19/19 MP: 2/2
   815 | D:2      | Reached XP level 3. HP: 14/24 MP: 3/3
  1422 | D:3      | Noticed a centaur
  1436 | D:3      | Killed a centaur
  1437 | D:3      | Reached skill level 3 in Maces & Flails
  1437 | D:3      | Reached XP level 4. HP: 16/29 MP: 4/4
  1437 | D:3      | Reached XP level 5. HP: 18/33 MP: 5/5
  1680 | D:3      | Found a glowing drain.
  1694 | Sewer    | Entered a sewer
  1881 | Sewer    | Reached XP level 6. HP: 38/38 MP: 6/6
  1952 | Sewer    | Reached skill level 4 in Maces & Flails
  2466 | D:3      | Reached skill level 1 in Dodging
  2536 | D:3      | Found a faded altar of an unknown god.
  2725 | D:4      | Identified the +3 chain mail "Oneol" {-Tele rElec Dex+2
                  | Slay+6}
  2755 | D:4      | Reached skill level 5 in Armour
  2768 | D:4      | Noticed Eustachio
  2801 | D:4      | Found a shimmering altar of Xom.
  2835 | D:4      | Reached XP level 7. HP: 44/44 MP: 7/7
  2911 | D:4      | Reached skill level 5 in Maces & Flails
  3087 | D:4      | Found a broken altar of Ashenzari.
  3088 | D:4      | Found an ancient bone altar of Kikubaaqudgha.
  3089 | D:4      | Found a glowing silver altar of Zin.
  3089 | D:4      | Found a burning altar of Makhleb.
  3089 | D:4      | Found a white marble altar of Elyvilon.
  3091 | D:4      | Found a glowing golden altar of the Shining One.
  3101 | D:4      | Became a worshipper of the Shining One
  3286 | D:4      | Noticed Blork the orc
  3295 | D:4      | Killed Blork the orc
  3484 | D:4      | Killed Eustachio
  3485 | D:4      | Reached skill level 6 in Maces & Flails
  3485 | D:4      | Reached XP level 8. HP: 38/48 MP: 8/8
  3740 | D:4      | Noticed Pikel
  3784 | D:4      | Killed Pikel
  3785 | D:4      | Reached skill level 5 in Fighting
  3785 | D:4      | Reached skill level 7 in Maces & Flails
  3785 | D:4      | Reached skill level 5 in Shields
  3987 | D:5      | Entered Level 5 of the Dungeon
  4107 | D:5      | Found Buwnomik's Elemental Accessories.
  4111 | D:5      | Found the +7 staff of the Meek {protect, meekguard}
  4118 | D:5      | Bought a wand of iceblast (10) for 288 gold pieces
  4121 | D:5      | Found a shadowy altar of Dithmenos.
  4493 | D:5      | Found a staircase to the Ecumenical Temple.
  5107 | D:6      | Reached XP level 9. HP: 39/54 MP: 9/9
  5277 | D:6      | Identified the +2 helmet of Compassion {rPois rF+ Will++
                  | Stlth-}
  5341 | D:6      | Reached skill level 8 in Maces & Flails
  5366 | D:6      | Reached * piety under the Shining One
  6275 | D:6      | Reached skill level 9 in Maces & Flails
  6480 | D:7      | Reached ** piety under the Shining One
  6648 | D:7      | Found a blossoming altar of Fedhas.
  6835 | D:7      | Reached XP level 10. HP: 61/61 MP: 10/10
  6872 | D:8      | Found an iron altar of Okawaru.
  6953 | D:8      | Noticed a two-headed ogre
  7295 | D:8      | Noticed a centaur warrior
  7296 | D:8      | Noticed a catoblepas
  7298 | D:8      | Noticed a death knight
  7658 | D:8      | Reached skill level 10 in Maces & Flails
  7719 | D:8      | Killed a two-headed ogre
  8497 | D:9      | Found a transporter.
  8503 | D:9      | Noticed Nedac819's ghost (journeyman MeWn)
  8717 | D:9      | Reached skill level 11 in Maces & Flails
  8811 | D:9      | Found a transporter.
  8813 | D:9      | Noticed a deep elf pyromancer
  9264 | D:10     | Entered Level 10 of the Dungeon
  9264 | D:10     | Noticed a green ugly thing
  9276 | D:9      | Killed a green ugly thing
  9277 | D:9      | Reached XP level 11. HP: 60/68 MP: 9/11
  9304 | D:10     | Got the Compilation of Stones
  9308 | D:10     | Found a staircase to the Orcish Mines.
  9310 | D:10     | Reached *** piety under the Shining One
  9542 | D:10     | Noticed a white ugly thing
  9558 | D:10     | Slain by a white ugly thing

Illustrated notes

Levels and vault maps discovered:
D:1:      dpeg_arrival_ratfight, layout_basic, minmay_statues_item,
          minmay_crystal_room, minmay_pentomino_o2
D:2:      layout_rooms
D:3:      layout_rooms, shapermc_ecumenical_altar_hornbeckon,
          portal_sewer_entry_e, minmay_between
D:4:      layout_loops_ring, grunt_temple_overflow_open, grunt_ministairs_8,
          uniq_eustachio, uniq_pikel, uniq_blork_the_orc
D:5:      layout_loops_ring, nicolae_dithmenos_through_a_glass_darkly,
          minmay_temple_entry_glass, nicolae_elemental_shop
D:6:      layout_loops_ring, kennysheep_potato
D:7:      layout_basic, mainiacjoe_overflow_alcove_4
D:8:      layout_basic, amcnicky_altar_gilded, onia_ninara_dug_in_and_dangerous
D:9:      layout_basic, nzn_ghost_randoct
D:10:     layout_rooms, david_orc_3, mrwooster_statue_mirror

Skill      XL: |  1  2  3  4  5  6  7  8  9 10 11 |
---------------+----------------------------------+-----
Maces & Flails | 3 4 6 7 9 11 | 11.5
Armour         | 4 5 6 7 8 |  8.3
Fighting       | 4 5 6 8 |  8.2
Shields        | 4 5 6 7 |  7.1
Dodging        | 1 2 3 |  3.7
Throwing       | |  0.2
Evocations     | |  0.4

Action                     |  1- 3 |  4- 6 |  7- 9 | 10-12 || total
---------------------------+-------+-------+-------+-------++-------
  Melee: Flail             |   120 |   233 |   272 |       ||   625
         Mace              |       |       |   218 |   245 ||   463
  Throw: Throwing net      |       |     1 |       |       ||     1
         Dart              |       |       |       |     2 ||     2
  Evoke: Wand              |       |       |       |     3 ||     3
    Use: Scroll            |     1 |     6 |     3 |     4 ||    14
         Potion            |     1 |     1 |     3 |     2 ||     7
 Armour: Scale mail        |    83 |   146 |   221 |   140 ||   590
  Dodge: Dodged            |    56 |   125 |   243 |   134 ||   558
  Block: Buckler           |    26 |    52 |   103 |    74 ||   255
